Map: Acropolis LE

Players

WookieMonsta - Winner!

  • Race: Terran Terran
  • League: Gold
  • Spawn Location: 11:00

A.I. 1 (Elite)

  • Race: Protoss Protoss
  • Spawn Location: 5:00

VOD

Have the link to the VOD?

Description

Time

  • Played on: Oct. 6, 2019, 7:02 p.m.
  • Length: 10:25
Show
View Real Time Build Order
Export as new Build Order

WookieMonsta Terran - Winner!

Build Orders:  

Get SALT Encoding   

  12  0:01  SCV  
  13  0:14  Supply Depot  
  13  0:18  SCV  
  14  0:30  SCV  
  15  0:39  Barracks  
  15  0:42  SCV  
  16  0:48  Refinery  
  16  0:54  SCV  
  17  1:22  SCV  
  18  1:35  Barracks Reactor  
  18  1:37  Orbital Command  
  18  1:47  Command Center  
  18  2:10  Supply Depot  
  18  2:14  Marine x2  
  18  2:15  Barracks  
  20  2:19  SCV  
  21  2:31  Marine, SCV  
  21  2:32  Marine  
  24  2:43  SCV  
  25  2:55  Barracks, SCV  
  25  2:58  Marine x2  
  29  3:07  SCV  
  29  3:08  Orbital Command  
  29  3:11  Barracks Tech Lab  
  29  3:15  Marine  
  29  3:16  Marine  
  29  3:19  SCV  
  32  3:29  Supply Depot  
  32  3:32  SCV  
  32  3:33  Marine x2  
  32  3:34  Stimpack  
  35  3:49  Barracks Reactor  
  35  3:51  Supply Depot  
  35  3:55  Supply Depot  
  35  3:57  Marine x2  
  35  3:58  Marine  
  38  4:09  Factory  
  38  4:14  Marine  
  38  4:15  Marine  
  38  4:16  Marine  
  38  4:17  SCV  
  42  4:29  SCV  
  43  4:32  Marine x3  
  43  4:33  Marine  
  43  4:37  Marine  
  48  4:41  SCV  
  48  4:43  Supply Depot  
  49  4:50  Marine x4  
  53  4:53  SCV  
  53  4:55  Marine  
  53  4:57  Refinery  
  55  5:01  Factory Reactor  
  55  5:05  SCV  
  56  5:08  Marine x4  
  56  5:11  Engineering Bay  
  56  5:13  Starport, Marine  
  61  5:17  SCV  
  61  5:20  Supply Depot  
  62  5:25  Marine  
  62  5:26  Marine x3  
  62  5:27  Combat Shield  
  66  5:31  Marine, SCV  
  66  5:32  SCV  
  69  5:43  Supply Depot, Marine x2, SCV  
  69  5:44  Marine x2  
  69  5:48  Marine  
  75  5:56  SCV  
  76  6:01  Marine x3  
  76  6:02  Marine  
  80  6:05  Supply Depot  
  80  6:06  Marine  
  80  6:08  Medivac, SCV  
  80  6:09  Supply Depot, Medivac  
  86  6:19  Marine x4  
  86  6:20  SCV  
  86  6:24  Marine  
  92  6:28  Supply Depot  
  92  6:29  Terran Infantry Weapons Level 1  
  92  6:37  Marine x4  
  96  6:42  Marine  
  96  6:43  Medivac  
  99  6:50  Supply Depot  
  99  6:54  Marine  
  99  6:55  Marine x3  
  99  7:00  Marine  
  75  7:12  Marine x2  
  77  7:23  Marine x3  
  80  7:30  Marine x2  
  80  7:36  Medivac  
  82  7:37  Medivac  
  82  7:41  Marine x3  
  86  7:48  Marine x2  
  86  7:59  Marine x3  
  89  8:06  Command Center, Marine  
  81  8:22  Marine  
  81  8:23  Marine x3  
  81  8:24  Marine  
  81  8:40  Marine  
  81  8:41  Marine x4  
  86  8:58  Marine x2  
  86  8:59  Marine x3  
  91  9:03  Medivac x2  
  95  9:16  Supply Depot, Marine x3  
  95  9:17  Marine x2  
  98  9:19  Supply Depot  
  100  9:34  Marine x4  
Show
View Real Time Build Order
Export as new Build Order

A.I. 1 (Elite) Protoss 

Build Orders: 1 Gate Expand, Colossus Rush 

Get SALT Encoding   

  12  0:00  Probe  
  13  0:13  Probe  
  14  0:20  Pylon  
  14  0:25  Probe  
  15  0:34  Probe  
  15  0:42  Probe  
  17  0:52  Gateway, Probe  
  18  1:00  Probe  
  19  1:16  Probe  
  19  1:17  Nexus  
  20  1:28  Probe  
  21  1:37  Pylon  
  21  1:39  Zealot  
  23  1:46  Cybernetics Core  
  23  1:48  Assimilator  
  23  1:55  Probe  
  24  2:03  Probe  
  25  2:11  Probe  
  25  2:13  Warp Gate  
  26  2:20  Probe  
  26  2:22  Pylon  
  26  2:28  Probe  
  27  2:30  Probe  
  27  2:33  Gateway  
  29  2:38  Probe  
  29  2:39  Assimilator  
  30  2:52  Stalker  
  30  2:53  Probe  
  30  2:54  Pylon  
  30  2:55  Probe  
  34  3:05  Probe  
  35  3:07  Probe  
  36  3:18  Probe  
  37  3:20  Probe, Adept  
  37  3:22  Adept  
  42  3:28  Robotics Facility  
  42  3:31  Probe  
  42  3:32  Probe  
  44  3:43  Probe  
  44  3:44  Probe  
  46  3:50  Adept  
  46  3:52  Adept  
  46  3:55  Probe  
  51  3:57  Probe  
  51  4:02  Pylon  
  52  4:06  Probe  
  52  4:07  Probe  
  54  4:12  Gateway  
  54  4:18  Probe  
  54  4:19  Probe, Robotics Bay  
  54  4:21  Pylon  
  55  4:27  Observer  
  55  4:28  Adept  
  55  4:30  Adept  
  60  4:32  Probe  
  60  4:34  Probe  
  60  4:37  Pylon  
  62  4:47  Robotics Facility  
  62  4:56  Stalker  
  64  5:00  Pylon  
  64  5:01  Gateway  
  64  5:05  Zealot  
  64  5:06  Stalker  
  68  5:17  Pylon  
  68  5:19  Zealot  
  70  5:25  Zealot  
  72  5:29  Zealot  
  74  5:37  Colossus  
  74  5:44  Probe  
  74  5:46  Pylon  
  81  6:00  Nexus  
  81  6:02  Assimilator  
  81  6:05  Forge  
  81  6:09  Twilight Council  
  81  6:10  Assimilator  
  81  6:11  Forge  
  81  6:22  Pylon  
  81  6:24  Probe  
  82  6:32  Probe  
  83  6:37  Probe  
  84  6:40  Probe  
  84  6:43  Photon Cannon  
  84  6:46  Photon Cannon  
  85  6:51  Pylon  
  85  6:53  Zealot x3  
  85  6:54  Zealot  
  93  6:56  Templar Archives  
  65  7:13  Probe x2, Zealot x3  
  65  7:14  Probe, Zealot, Photon Cannon  
  64  7:25  Probe x2  
  64  7:26  Probe  
  64  7:27  Adept  
  46  7:33  Zealot, Stalker  
  46  7:34  High Templar  
  32  7:37  Probe x2  
  32  7:40  Zealot  
  35  7:45  Probe  
  35  7:49  Probe  
  20  7:53  Probe, Stalker  
  20  7:56  High Templar  
  25  7:58  High Templar  
  26  8:06  Zealot  
  28  8:17  Adept  
  16  9:11  Probe  
  13  9:17  Nexus  
  6  9:24  Probe  
  7  9:46  Pylon  
  7  9:53  Probe  
Tags
 
League
Gold
Matchup
PvT
Spawn Locations
Cross Positions
Add a new tag
Caveats
  • Supply blocks, unpowered buildings, or Contaminate may cause inaccurate times.
  • Supply counts are checked every 10 seconds.